AoeStats
← MartyIgnacio

Lombardia

510180999Analyzed
4v4 RM · 4d ago on Sep 29, 2026· 14m 38s· 8 players
Game mode
Random Map
Map size
Large (8 player)
Population
200
Speed
Normal
Resources
Standard
Victory
Conquest
Starting age
Dark Age
Ending age
Imperial Age
RankedLock teamsTeams togetherTeam positionsShared explorationLock speedFull tech treeHidden civsTurbo modeCheats
Victory
Defeat
🇦🇷 Hindustanis · Argentina
1264
+11
🇨🇱 Danes · Chile
1135
+16
🇨🇱 Khmer · Chile
1081
+18
🇨🇱 Magyars · Chile
830
+27
🇨🇾 Mongols · Cyprus
1194
-21
1185
-21
🇺🇸 Huns · United States
1105
-17
1006
-13
Eagles
7:27 Loom
11:29 Feudal Age
15:18 Castle Age
Ballin' Like Bill, End @McDank's
4:06 Loom
11:57 Feudal Age
12:46 Horse Collar
12:52 Double-Bit Axe
Subutai ,,the Valiant"
5:23 Loom
10:45 Feudal Age
ふわふわ☆お姫様
0:30 Loom
11:35 Feudal Age
13:12 Double-Bit Axe
13:08 Horse Collar
mertndolan7564
6:47 Loom
9:32 Feudal Age
11:18 Forging
14:39 Horse Collar
MartyIgnacio
5:34 Loom
8:45 Feudal Age
9:34 Double-Bit Axe
Huntarof
7:38 Loom
9:32 Feudal Age
10:13 Double-Bit Axe
11:19 Loom
14:39 Horse Collar
Eman3007
6:33 Loom
9:10 Feudal Age
9:47 Double-Bit Axe
9:44 Horse Collar
Connection lost

Rejoining the realm…

Still unreachable

The connection could not be restored.

Session expired

The server has moved on; the page needs a fresh start.